Unix NetHack Version 3.7.0-88 Work-in-progress - last build Aug 6 2023 13:40:22 (5c9c4c7fffe0d5f0a8b1342c2a36a56ed743986a,branch:master). Game began 2023-08-15 12:40:01, ended 2023-08-15 13:43:42. Arasaka, neutral male gnomish Archeologist ------- |......# ----- |.....|# |....## -------- |.....|# |..h| ### |.[....| -|-.---# |...| ###....<..| ## # --|-- |....... 0##### # -------- ## ########### # #### ### ## ### # ------ ## |...{| #####|....| #|.....# @|....| #.....| ------ Arasaka the Digger St:9 Dx:13 Co:15 In:12 Wi:18 Ch:9 Neutral Dlvl:4 $:24 HP:22(22) Pw:13(13) AC:8 Xp:2/21 T:847 Latest messages: That door is closed. You find a hidden door. That door is closed. That door is closed. That door is closed. The door resists! Wait! That's a small mimic! You lash the small mimic. You miss the small mimic. You lash the small mimic. The small mimic hits! You miss the small mimic. You miss the small mimic. You lash the small mimic. You see here a very burnt hooded cloak. You are beginning to feel hungry. You see here a statue of a hobbit. You begin two-weapon combat. Really save? [yn] (n) Saving... Restoring save file... Hello Arasaka, the gnomish Archeologist, welcome back to NetHack! Be careful! New moon tonight. With great effort you move the boulder. $ - 7 gold pieces (24 in total). You miss the giant rat. You miss the giant rat. The giant rat misses! You miss the giant rat. You hit the giant rat. The giant rat bites! You miss the giant rat. You miss the giant rat. The giant rat misses! You miss the giant rat. You kill the giant rat! Welcome to experience level 2. You are in full health. You are beginning to feel weak. What do you want to eat? [d or ?*] This food really hits the spot! You finish eating the food ration. # Really quit? [yn] (n) Inventory: Coins ('$') $ - 24 gold pieces Weapons (')') a - an uncursed +2 bullwhip (wielded in right hand) Armor ('[') c - an uncursed +0 fedora (being worn) k - an uncursed +0 pair of leather gloves (being worn) b - an uncursed +0 leather jacket (being worn) Comestibles ('%') d - 2 uncursed food rations Scrolls ('?') p - an uncursed scroll of create monster l - an uncursed scroll of fire Spellbooks ('+') m - an uncursed spellbook of cure blindness Potions ('!') o - an uncursed potion of confusion j - an uncursed potion of gain ability n - a blessed potion of sleeping i - an uncursed potion of water Tools ('(') h - an empty uncursed sack e - an uncursed +0 pick-axe (wielded in left hand) f - an uncursed tinning kit (0:93) Gems/Stones ('*') g - an uncursed touchstone Arasaka the Archeologist's attributes: Background: You were a Digger, a level 2 male gnomish Archeologist. You were neutral, on a mission for Camaxtli who was opposed by Quetzalcoatl (lawful) and Huhetotl (chaotic). You were in the Dungeons of Doom, on level 4. You entered the dungeon 847 turns ago. There was a new moon in effect when your adventure ended. You had 21 experience points, 19 more were needed to attain level 3. Basics: You had all 22 hit points. You had all 13 energy points (spell power). Your armor class was 8. Your wallet contained 24 zorkmids. Autopickup was on for '$"?' plus thrown, with exceptions. Final Characteristics: Your strength was 9 (limit:18/50). Your dexterity was 13 (limit:18). Your constitution was 15 (limit:18). Your intelligence was 12 (limit:19). Your wisdom was 18 (limit:18). Your charisma was 9 (limit:18). Final Status: You were not hungry. You were unencumbered. You were wielding two weapons at once. Your skill in whip was limited by being unskilled with two weapons. Your skill in pick-axe was also limited by being unskilled with two weapons. Final Attributes: You were fervently aligned. You had automatic searching. You had infravision. You survived. Miscellaneous: You disabled loading of bones levels. Total elapsed playing time was 3 minutes and 53 seconds. Major events: Turn 1: Arasaka the neutral male gnomish Archeologist entered the dungeon 395: entered the Gnomish Mines 847: quit Vanquished creatures: a little dog a giant rat a fox 2 goblins 3 newts 8 creatures vanquished. No species were genocided or became extinct. Voluntary challenges: You followed a strict vegan diet. You were an atheist. You were illiterate. You never engraved Elbereth. You never genocided any monsters. You never polymorphed an object. You never changed form. You used no wishes. Achievement: You entered the Gnomish Mines. The Dungeons of Doom: levels 1 to 4 Level 1: Some fountains. Level 2: Stairs down to The Gnomish Mines. Level 3: Level 4: <- You were here. A fountain. The Gnomish Mines: Level 3: Goodbye Arasaka the Archeologist... You quit in The Dungeons of Doom on dungeon level 4 with 258 points, and 24 pieces of gold, after 847 moves. You were level 2 with a maximum of 22 hit points when you quit.